 Dungeon Crawl Stone Soup version 0.28-a0-1199-gef9e1dbd39 (webtiles) character file.

Game seed: 13824815556212514973

46 jtrev the Cudgeller (level 3, 0/34 HPs)
             Began as a Gargoyle Berserker on Dec 19, 2021.
             Was a Follower of Trog.
             Slain by an ice beast (5 damage)
             ... on level 2 of the Dungeon.
             The game lasted 00:03:50 (2406 turns).

jtrev the Cudgeller (Gargoyle Berserker)            Turns: 2406, Time: 00:03:50

Health: 0/34       AC:  7    Str: 22    XL:     3   Next: 66%
Magic:  3/3        EV: 11    Int:  7    God:    Trog [*.....]
Gold:   82         SH:  0    Dex:  9    Spells: 2/2 levels left

rFire   . . .      SeeInvis .   a - +0 mace
rCold   . . .      Faith    +   (no shield)
rNeg    + . .      Spirit   .   i - +0 leather armour
rPois   ∞          Reflect  .   m - +0 helmet
rElec   +          Harm     .   (no cloak)
rCorr   .          Rampage  .   (no gloves)
Will    .....                   (no boots)
Stlth   ..........              d - amulet of faith {!P}
HPRegen 0.11/turn               (no ring)
MPRegen 0.08/turn               (no ring)

@: berserking (expiring), very quick
A: sickness immunity, AC +3, negative energy resistance 1, electricity
resistance, torment resistance 1, petrification resistance
a: Renounce Religion, Berserk


You were on level 2 of the Dungeon.
You worshipped Trog.
Trog was aware of your devotion.
You visited 1 branch of the dungeon, and saw 3 of its levels.

You collected 82 gold pieces.

Inventory:

Hand Weapons
 a - a +0 mace (weapon)
Armour
 i - a +0 leather armour (worn)
   (You found it on level 1 of the Dungeon)
 m - a +0 helmet (worn)
   (You found it on level 2 of the Dungeon)
 o - a +0 chain mail
   (You found it on level 2 of the Dungeon)
Jewellery
 d - an amulet of faith (around neck) {!P}
   (You found it on level 1 of the Dungeon)
Scrolls
 e - 5 scrolls of identify {unknown}
 g - a scroll of magic mapping {unknown}
 h - 2 scrolls of immolation {unknown}
 j - a scroll of acquirement {unknown}
 k - a scroll of amnesia {unknown}
 p - a scroll of fear {unknown}
Potions
 b - a potion of flight {unknown}
 c - a potion of berserk rage {unknown}
 f - a potion of resistance {unknown}
 l - 2 potions of might {unknown}
 n - a potion of degeneration {unknown}


   Skills:
 - Level 3.2 Fighting
 + Level 4.5 Maces & Flails
 - Level 2.1 Armour
 - Level 1.5 Dodging


You had 2 spell levels left.
You didn't know any spells.
Your spell library was empty.

Dungeon Overview and Level Annotations

Branches:
Dungeon (3/15)

Altars:

Shops:
D:2 :


Innate Abilities, Weirdness & Mutations

You are immune to sickness and miasma.
Your stone body is resilient. (AC +3)
You are immune to poison.
You resist negative energy. (rN+)
You are resistant to electric shocks. (rElec)
You are resistant to unholy torment.
You are immune to petrification.


Message History

No target in view!
No target in view!
No target in view!
No target in view!
You see here a frilled lizard corpse.
Found an escape hatch in the ceiling.
An ice beast and an orc come into view.
There are monsters nearby!
There is a stone staircase leading up here.
You hit the orc. The orc closely misses you.
You closely miss the orc. The orc hits you with a +0 whip.
You closely miss the orc. The orc hits you but does no damage.
The orc closely misses you. The ice beast hits you. The ice beast freezes you!
* * * LOW HITPOINT WARNING * * *
You climb upwards.
There is a stone staircase leading down here.
Okay, then.
A red film seems to cover your vision as you go berserk!
You feel yourself moving faster!
You feel mighty! The orc hits you with a +0 whip.
* * * LOW HITPOINT WARNING * * *
The ice beast hits you but does no damage.
You sock the orc!
You kill the orc!
Trog accepts your kill.
The ice beast hits you but does no damage.
Unknown command.
You hit the ice beast.
Unknown command.
You sock the ice beast!
The ice beast hits you but does no damage.
Unknown command.
You closely miss the ice beast. The ice beast closely misses you.
Unknown command.
You barely miss the ice beast.
The ice beast hits you but does no damage.
Unknown command.
You barely miss the ice beast. The ice beast closely misses you.
Unknown command.
You closely miss the ice beast.
The ice beast hits you but does no damage.
Unknown command.
You barely miss the ice beast. The ice beast completely misses you.
Unknown command.
You hit the ice beast.
Unknown command.
You closely miss the ice beast. The ice beast hits you.
* * * LOW HITPOINT WARNING * * *
The ice beast freezes you.
You die...

..#.#########....#........##.##.#
....#............#........#<..#.#
......###........+.......###..#.#
####### #................'....#..
.....# #................####.###
.....####............########.###
.....#....................#......
.....#..........Y....####.#...###
................@.....# #.######
.....#.....#....).....# #......#
#.##.#................# ######.#
#.##.##...............# #.#
..##.##.....###<#.##### #.#
...#.##...(........# #######.#
.#.#.##............#####.....#.#
.........................###.#.#
.........................#.....#


You could see an ice beast.

Vanquished Creatures
  An adder (D:2)
  A worm (D:2)
  A dart slug (D:2)
  An orc (D:2)
  3 endoplasms (D:1)
  3 giant cockroaches
  A hobgoblin (D:1)
  2 jackals (D:2)
  3 quokkas (D:1)
  5 ball pythons
  A bat (D:1)
  2 frilled lizards
  3 goblins
  A kobold (D:1)
  A rat (D:2)
29 creatures vanquished.

Notes
Turn   | Place    | Note
-------+----------+-------------------------------------------
     0 | D:1      | jtrev the Gargoyle Berserker began the quest for the Orb.
     0 | D:1      | Reached XP level 1. HP: 14/14 MP: 1/1
   442 | D:1      | Reached XP level 2. HP: 13/19 MP: 2/2
  1373 | D:2      | Found Bybarifa's Book Shoppe.
  1403 | D:2      | Reached skill level 4 in Maces & Flails
  1489 | D:2      | Reached XP level 3. HP: 11/23 MP: 3/3
  2367 | D:3      | Noticed an ice beast
  2406 | D:2      | Slain by an ice beast

Illustrated notes

Levels and vault maps discovered:
D:1:      psy_arrival_basics, layout_loops_ring
D:2:      layout_basic, serial_shops, shop, grunt_decor_fettered
D:3:      minmay_chambers_of_twos, layout_loops_ring, minmay_misc_feat_encased,
          minivault_5, minmay_cut_off, uniq_terence

Skill      XL: |  1  2 |
---------------+-------+-----
Maces & Flails | 4 |  4.5
Fighting       | |  3.2
Armour         | |  2.1
Dodging        | |  1.5

Action                   || total
-------------------------++-------
Melee: Mace              ||   102
Invok: Berserk           ||     1
 Stab: Sleeping          ||     1
Armor: Animal skin       ||    17
       Leather armour    ||    38
Dodge: Dodged            ||    85

Table legend: (Time is in decaauts)
 A = Elapsed time spent in this place.
 B = Non-inter-level travel time spent in this place.
 C = Inter-level travel time spent in this place.
 D = Time resting spent in this place.
 E = Time spent auto-exploring this place.
 F = Levels seen in this place.
 G = Mean time per level.
                   A        B        C        D        E       F      G
               +--------+--------+--------+--------+--------+-----+--------+
         Total |   2427 |   2215 |    212 |    555 |   1320 |   3 |  809.0 |
       Dungeon |   2427 |   2215 |    212 |    555 |   1320 |   3 |  809.0 |
               +--------+--------+--------+--------+--------+-----+--------+

Top non-repeatable levels by time:
     D:1: 1154 daAuts
     D:2: 1065 daAuts
     D:3: 206 daAuts
